[Event "Panevezys ELITE Open 2021"]
[Site "Panevezys, Lithuania"]
[Date "2021.07.30"]
[Round "1.1"]
[White "Meshkovs, Nikita"]
[Black "Carlsson, Ludvig"]
[Result "1-0"]
[WhiteElo "2568"]
[BlackElo "2258"]
[PlyCount "127"]
[EventDate "2021.??.??"]
[TimeControl "90/40+30:0"]
[WhiteClock "0:05:27"]
[BlackClock "0:39:20"]

1. Nf3 d5 2. g3 g6 3. Bg2 Bg7 4. d4 c6 5. O-O Nf6 6. b3 O-O 7. c4 dxc4 8.
bxc4 c5 9. Bb2 cxd4 10. Nxd4 Qb6 11. Qc1 Bd7 12. Nd2 Nc6 13. c5 Nxd4 14. Bxd4 Qa6 15. Qb2 Bc6 16. Nf3 Rfd8 17. Rfc1 Rac8 18. Bh3 Bd7 19. Bf1 Qb5 20. Qb3 Qxb3 21. axb3 a6 22. e3 Nd5 23. Bg2 Bc6 24. Bxg7 Kxg7 25. Ne5 Nb4 26. Nxc6 Nxc6 27. Rd1 Rc7 28. Rxd8 Nxd8 29. b4 Nc6 30. Ra4 Ne5 31. Kf1 e6 32. Ke2 Kf6 33. f4 Nc6 34. Kd3 Na7 35.
Ra1 Ke7 36. Kc4 Rd7 37. Bf3 Kd8 38. Ra2 h5 39. h3 Kc7 40. g4 hxg4 41. hxg4 Rd8 42. Rh2 Rd7 43. g5 Nc6 44. Rh7 Nd8 45. Be4 Kc8 46. Rh8 Kc7 47. Re8 Kc8 48. Bc2 Kc7 49. Ba4 Nc6 50. Rf8 b5+ 51. cxb6+ Kxb6 52. Rc8 Rc7 53. Rxc7 Kxc7 54. Kc5 Nd8 55. e4 Nb7+ 56. Kd4 a5 57.
bxa5 Nxa5 58. Ke5 Nb7 59. Kf6 Nc5 60. Bc2 e5 61. fxe5 Nd7+ 62.
Kxf7 Nxe5+ 63. Kf6 Kd6 64. Bb1 1-0

[Event "Panevezys ELITE Open 2021"]
[Site "Panevezys, Lithuania"]
[Date "2021.07.30"]
[Round "1.2"]
[White "Steponavicius, Stasys"]
[Black "Sulskis, Sarunas"]
[Result "0-1"]
[WhiteElo "2209"]
[BlackElo "2523"]
[PlyCount "60"]
[EventDate "2021.??.??"]
[TimeControl "90/40+30:0"]
[WhiteClock "0:22:34"]
[BlackClock "0:09:33"]

1. d4 e6 2. c4 b6 3. Nc3 Bb7 4. Nf3 f5 5. g3 Nf6 6. Bg2 Bb4 7. O-O O-O 8.
Qc2 Nc6 9. Bg5 Bxc3 10. Bxf6 Qxf6 11. Qxc3 Nd8 12. Ne5 Bxg2 13.
Kxg2 Qe7 14. Qf3 Nf7 15. Nxf7 Qxf7 16. Rae1 d6 17. e4 f4 18. e5 Rad8 19. exd6 Rxd6 20. Re4 Qd7 21. Rxf4 Rxf4 22. Qxf4 Rxd4 23. Qf3 Rxc4 24. Qa8+ Kf7 25. Qxa7 Qc6+ 26. Kh3 Rc5 27. Qa3 Rh5+ 28. Kg4 Qe4+ 29. f4 Rxh2 30. Qc3 h5+ 0-1

[Event "Panevezys ELITE Open 2021"]
[Site "Panevezys, Lithuania"]
[Date "2021.07.30"]
[Round "1.3"]
[White "Kazakouski, Valery"]
[Black "Salna, Aleksandras"]
[Result "1-0"]
[WhiteElo "2499"]
[BlackElo "2166"]
[PlyCount "46"]
[EventDate "2021.??.??"]
[TimeControl "90/40+30:0"]
[WhiteClock "0:37:23"]
[BlackClock "1:07:24"]

1. Nf3 d5 2. c4 d4 3. b4 g5 4. Qa4+ c6 5. g3 g4 6. Nh4 e5 7. h3 h5 8. Ng2 h4 9. hxg4 hxg3 10. Rxh8 Qf6 11. Rh1 Qxf2+ 12. Kd1 Bxg4 13. d3 Bh3 14. Bd2 Bxg2 15. Be1 Bxh1 16. Bxf2 gxf2 17. Nd2 Nf6 18. Bh3 b5 19. Qa5 c5 20. Kc2 Nc6 21. Qxb5 Rb8 22. Qa4 Rxb4 23. Qa3 Bd5 1-0

[Event "Panevezys ELITE Open 2021"]
[Site "Panevezys, Lithuania"]
[Date "2021.07.30"]
[Round "1.4"]
[White "Kalvaitis, Sigitas"]
[Black "Juksta, Karolis"]
[Result "1/2-1/2"]
[WhiteElo "2164"]
[BlackElo "2438"]
[PlyCount "49"]
[EventDate "2021.??.??"]
[TimeControl "90/40+30:0"]
[WhiteClock "0:22:52"]
[BlackClock "0:21:53"]

1. e4 e6 2. d4 d5 3. e5 c5 4. c3 Nc6 5. Nf3 Nge7 6. Na3 Nf5 7. Nc2 cxd4 8.
cxd4 Bd7 9. Bd3 Qb6 10. Bxf5 exf5 11. O-O h6 12. b4 Be7 13. h4 O-O 14. Bf4 Rfc8 15. a3 a5 16. Rb1 axb4 17. axb4 Be6 18. Qd3 Qd8 19. h5 Qd7 20.
Rb3 Ra2 21. Ne3 Nxb4 22. Qb1 Qa4 23. Nxf5 Bxf5 24. Qxf5 Rc6 25.
Rfb1 1/2-1/2

[Event "Panevezys ELITE Open 2021"]
[Site "Panevezys, Lithuania"]
[Date "2021.07.30"]
[Round "1.5"]
[White "Brazdzionis, Andrius"]
[Black "Stremavicius, Pijus"]
[Result "1/2-1/2"]
[WhiteElo "2321"]
[BlackElo "2146"]
[PlyCount "39"]
[EventDate "2021.??.??"]
[TimeControl "90/40+30:0"]
[WhiteClock "0:51:47"]
[BlackClock "0:59:57"]

1. d4 Nf6 2. c4 e6 3. Nf3 b6 4. e3 Bb7 5. Bd3 Be7 6. O-O O-O 7. b3 c5 8. Bb2 cxd4 9. exd4 d5 10. Nbd2 Nc6 11. Rc1 Rc8 12. Qe2 Nh5 13. Qe3 g6 14. g4 Ng7 15. cxd5 exd5 16. Ne5 Nxe5 17. dxe5 Ne6 18. Rxc8 Qxc8 19. Qg3 Nc5 20. Be2 1/2-1/2

[Event "Panevezys ELITE Open 2021"]
[Site "Panevezys, Lithuania"]
[Date "2021.07.30"]
[Round "1.6"]
[White "Sedykh, Mikhail"]
[Black "Butvilas, Aistis"]
[Result "0-1"]
[WhiteElo "2119"]
[BlackElo "2088"]
[PlyCount "68"]
[EventDate "2021.??.??"]
[TimeControl "90/40+30:0"]
[WhiteClock "0:01:52"]
[BlackClock "0:52:40"]

1. d4 Nf6 2. c4 e6 3. Nc3 Bb4 4. Qc2 d5 5. cxd5 Qxd5 6. Nf3 Qf5 7. Qxf5 exf5 8. a3 Ba5 9. b4 Bb6 10. Bf4 Nc6 11. Rd1 O-O 12. h4 Re8 13. e3 Nh5 14. g3 Nxf4 15. gxf4 a5 16. b5 Ne7 17. Bc4 c6 18. h5 Be6 19. Ne5 Bxc4 20.
Nxc4 Bc7 21. b6 Bb8 22. Na4 Nd5 23. Kd2 Nf6 24. f3 Re7 25. h6 g6 26. Nc5 Ne8 27. Rhe1 Nd6 28. Ne5 f6 29. Ned7 Nc4+ 30. Kc3 Nxe3 31. Kd3 Bxf4 32. Nxf6+ Kf7 33. Nfd7 Nxd1 34. Rxd1 Rd8 0-1

[Event "Panevezys ELITE Open 2021"]
[Site "Panevezys, Lithuania"]
[Date "2021.07.30"]
[Round "1.7"]
[White "Bagvilas, Lukas"]
[Black "Voroblievas, Arturas"]
[Result "1-0"]
[WhiteElo "2000"]
[BlackElo "1699"]
[PlyCount "61"]
[EventDate "2021.??.??"]
[TimeControl "90/40+30:0"]
[WhiteClock "0:57:47"]
[BlackClock "0:18:35"]

1. e4 e5 2. Nc3 Nf6 3. g3 Bc5 4. Bg2 d6 5. Nge2 Nc6 6. O-O a6 7. h3 O-O 8. d3 h6 9. Kh2 Ne7 10. f4 exf4 11. gxf4 Ng6 12. Ng3 Bb6 13. Nh5 c6 14. f5 Nh4 15. Ng3 Nxg2 16. Kxg2 Re8 17. d4 Bc7 18. b3 b5 19. Qf3 b4 20. Nd1 Qe7 21. Nf2 Bb6 22. Bb2 Qa7 23. Rad1 Bb7 24. Ng4 Nh7 25. f6 Ng5 26. Qf4 Ne6 27. Nxh6+ gxh6 28. Qxh6 d5 29. Rf5 Reb8 30. Rg5+ Nxg5 31. Qg7# 1-0

[Event "Panevezys ELITE Open 2021"]
[Site "Panevezys, Lithuania"]
[Date "2021.07.30"]
[Round "1.8"]
[White "Michailov, Andrej"]
[Black "Greicius, Pijus"]
[Result "0-1"]
[WhiteElo "1645"]
[BlackElo "1902"]
[PlyCount "58"]
[EventDate "2021.??.??"]
[TimeControl "90/40+30:0"]
[WhiteClock "0:07:36"]
[BlackClock "0:15:46"]

1. c4 Nf6 2. Nc3 e6 3. Nf3 d5 4. d4 Bb4 5. e3 O-O 6. Bd3 dxc4 7. Bxc4 c5 8.
O-O Nbd7 9. Qe2 a6 10. a3 Bxc3 11. bxc3 Qc7 12. e4 cxd4 13. cxd4 Nxe4 14. Bd3 Nef6 15. Bg5 h6 16. Bd2 Rd8 17. Rfc1 Qd6 18. Bb4 Qd5 19. Bc4 Qh5 20. Bb3 Re8 21. Qb2 Nd5 22. Bd6 b6 23. Re1 Bb7 24. Rac1 N7f6 25. Re5 g5 26. h3 Nf4 27. Qd2 Bxf3 28. Qxf4 gxf4 29. Rxh5 Bxh5 0-1

[Event "Panevezys ELITE Open 2021"]
[Site "Panevezys, Lithuania"]
[Date "2021.07.30"]
[Round "1.10"]
[White "Bazevicius, Albertas"]
[Black "Sedykh, Stakhey"]
[Result "0-1"]
[WhiteElo "1867"]
[BlackElo "1418"]
[PlyCount "90"]
[EventDate "2021.??.??"]
[TimeControl "90/40+30:0"]
[WhiteClock "0:11:49"]
[BlackClock "0:53:27"]

1. d4 d5 2. Nf3 Nf6 3. Nc3 Bf5 4. Bf4 e6 5. e3 Be7 6. Bd3 Bg6 7. Ne5 Nbd7 8.
Nxg6 hxg6 9. Nb5 O-O 10. Bxc7 Qc8 11. Bd6 Bxd6 12. Nxd6 Qc6 13.
Nb5 a6 14. Nc3 b5 15. a3 Nb6 16. O-O Nc4 17. Qc1 Rac8 18. Nd1 Nd7 19. f3 e5 20. c3 Rfe8 21. b3 Nd6 22. Qd2 Re7 23. Ra2 Rce8 24. Qf2 Nf6 25.
Rc2 e4 26. Be2 Nf5 27. f4 Nd6 28. g4 Qc8 29. Qh4 Rc7 30. Kh1 a5 31. Ra2 b4 32. axb4 axb4 33. cxb4 Rc2 34. Rxc2 Qxc2 35. Qe1 Qxb3 36. Qc3 Qa2 37. g5 Qxe2 38. Kg1 Ng4 39. Qb2 Qxb2 40. Nxb2 Nxe3 41. Rb1 Nec4 42. Na4 Nb5 43. Nc5 e3 44. Nd3 Nxd4 45. b5 Rb8 0-1